 Dungeon Crawl Stone Soup version 0.26-a0-466-g989023bd0d (webtiles) character file.

Game seed: 13190427611076569194

2083 vurker the Fighter (level 9, -1/83 HPs)
             Began as a Minotaur Hunter on Aug 11, 2020.
             Was an Initiate of Fedhas.
             Killed from afar by a gargoyle (20 damage)
             ... with a stone arrow
             ... on level 6 of the Dungeon.
             The game lasted 00:08:45 (7149 turns).

vurker the Fighter (Minotaur Hunter)                Turns: 7149, Time: 00:08:45

Health: -1/83      AC: 13    Str: 21    XL:     9   Next: 6%
Magic:  10/10      EV: 12    Int:  8    God:    Fedhas [......]
Gold:   299        SH:  0    Dex: 10    Spells: 8/8 levels left

rFire    . . .     SeeInvis .   A - +1 broad axe
rCold    . . .     Faith    .   (no shield)
rNeg     . . .     Spirit   .   C - +3 leather armour
rPois    .         Reflect  .   n - +1 hat
rElec    .         Harm     .   (no cloak)
rCorr    .                      h - +2 pair of gloves
MR       .....                  f - +2 pair of boots
Stlth    +.........             g - amulet of the acrobat
HPRegen  0.23/turn              (no ring)
MPRegen  0.12/turn              (no ring)

@: no status effects
A: retaliatory headbutt, horns 2
a: Renounce Religion


You were on level 6 of the Dungeon.
You worshipped Fedhas.
Fedhas was noncommittal.
You visited 2 branches of the dungeon, and saw 8 of its levels.
You also visited: Sewer.

You collected 299 gold pieces.

Inventory:

Hand Weapons
 y - a +1 flail of draining
   (You took it off an orc on level 3 of the Dungeon)
 A - a +1 broad axe (weapon)
   (You found it on level 5 of the Dungeon)
Missiles
 c - 6 javelins (quivered)
 d - 2 throwing nets
Armour
 f - a +2 pair of boots (worn)
   (You found it on level 1 of the Dungeon)
 h - a +2 pair of gloves (worn)
   (You found it on level 1 of the Dungeon)
 n - a +1 hat (worn)
   (You found it on level 2 of the Dungeon)
 C - a +3 leather armour (worn)
   (You took it off an orc on level 4 of the Dungeon)
Jewellery
 g - an amulet of the acrobat (around neck)
   (You found it on level 1 of the Dungeon)
Scrolls
 a - 3 scrolls of immolation
 j - 2 scrolls of teleportation
 l - 2 scrolls of remove curse
 o - 3 scrolls of enchant armour
 q - 2 scrolls of fog
 t - a scroll of fear
 B - 2 scrolls of magic mapping
 D - a scroll of blinking
Potions
 b - a potion of haste {unknown}
 e - 2 potions of invisibility {unknown}
 i - a potion of berserk rage {unknown}
 k - 2 potions of degeneration {unknown}
 p - 4 potions of brilliance {unknown}
 r - 6 potions of curing
 s - 3 potions of stabbing
 u - 4 potions of flight
 z - 3 potions of might


   Skills:
 + Level 9.0 Fighting
 * Level 6.1 Axes
 + Level 8.3 Throwing
 - Level 2.1 Dodging
 - Level 0.7 Stealth
 + Level 2.7 Invocations


You had 8 spell levels left.
You didn't know any spells.
Your spell library was empty.

Dungeon Overview and Level Annotations

Branches:
Dungeon (7/15)             Temple (1/1) D:6           Sewer (visited)

Altars:
Ashenzari
Fedhas
Gozag
Makhleb
Nemelex Xobeh
Okawaru
Ru
Trog
Vehumet
Xom
Zin


Innate Abilities, Weirdness & Mutations

You reflexively headbutt those who attack you in melee.
You have a pair of horns on your head.


Message History

Fedhas accepts your kill. The ufetubus barely misses you.
You furiously retaliate!
You headbutt the ufetubus!
You kill the ufetubus!
Fedhas accepts your kill.
A gargoyle comes into view. It is wielding a +0 flail.
You hit the gargoyle but do no damage.
You headbutt the gargoyle, but do no damage.
The gargoyle hits you but does no damage.
A quokka comes into view.
You hit the gargoyle.
The gargoyle hurls a stone arrow at you.
The stone arrow hits you!
You hit the gargoyle but do no damage. The gargoyle closely misses you.
You furiously retaliate!
You headbutt the gargoyle, but do no damage.
A tengu conjurer comes into view.
You barely miss the gargoyle.
The gargoyle hurls a stone arrow at you.
The stone arrow hits you.
You hit the gargoyle. Your headbutt misses the gargoyle.
The tengu conjurer gestures wildly while chanting.
The gargoyle hits you with a +0 flail! The gargoyle closely misses you.
You furiously retaliate!
You headbutt the gargoyle. You slash the gargoyle!
You headbutt the gargoyle, but do no damage.
You hear a shout!
A battlesphere comes into view.
The gargoyle barely misses you.
You hit the gargoyle but do no damage. The gargoyle closely misses you.
You hit the gargoyle but do no damage. The gargoyle hits you with a +0 flail.
You hit the gargoyle but do no damage.
The gargoyle hurls a stone arrow at you.
The stone arrow hits you.
* * * LOW HITPOINT WARNING * * *
You hit the gargoyle but do no damage.
You headbutt the gargoyle, but do no damage.
The gargoyle hurls a stone arrow at you.
The stone arrow misses you.
An orc comes into view. It is wielding a +0 trident.
You hit the gargoyle. The gargoyle barely misses you.
You hit the gargoyle but do no damage.
You headbutt the gargoyle, but do no damage.
The gargoyle hurls a stone arrow at you.
The stone arrow hits you!!
* * * LOW HITPOINT WARNING * * *
The gargoyle hurls a stone arrow at you.
The stone arrow hits you!!
You die...
Fedhas appreciates your contribution to the ecosystem.

.....########.##.# #.#.#
####..........##.# #.#.#
################.#######.#.#
...............#.........#.#
##############.###########.#
#.............#
###################
....*Q9....# ......#@...# #
..... #....# # ...5 #....# #
... #....# # rO #....# # h
#....# # #.(..# # #..(.# #
####'#


You could see a tengu conjurer, a gargoyle and a battlesphere.

Vanquished Creatures
  A cyclops (D:6)
  An orc warrior (D:6)
  A phantom (D:4)
  An eye of draining (D:6)
  5 ogres
  A centaur (D:5)
  A scorpion (D:6)
  2 bullfrog zombies (D:6)
  2 hounds
  A bullfrog skeleton (D:6)
  3 orc priests
  Jessica (D:2)
  An iguana (D:3)
  An orc wizard (D:4)
  8 worker ants
  A hound skeleton (D:5)
  Robin (D:2)
  10 adders
  7 gnolls
  3 river rats (D:5)
  3 white imps
  An ufetubus (D:6)
  3 worms
  4 dart slugs
  4 leopard geckos
  14 orcs
  5 ball pythons
  5 bats
  10 giant cockroaches
  15 goblins
  10 hobgoblins
  9 jackals (Sewer)
  13 kobolds
  A quokka (D:6)
  9 frilled lizards
  A quokka zombie (D:6)
  6 rats
  A plant (Sewer)
166 creatures vanquished.

Vanquished Creatures (others)
  A goblin (D:3)
1 creature vanquished.

Grand Total: 167 creatures vanquished

Notes
Turn   | Place    | Note
-------+----------+-------------------------------------------
     0 | D:1      | vurker the Minotaur Hunter began the quest for the Orb.
     0 | D:1      | Reached XP level 1. HP: 18/18 MP: 0/0
   206 | D:1      | Reached XP level 2. HP: 24/25 MP: 1/1
   215 | D:1      | Reached skill level 3 in Fighting
   585 | D:1      | Reached XP level 3. HP: 31/31 MP: 2/2
   920 | D:2      | Noticed Robin
  1126 | D:2      | Killed Robin
  1126 | D:2      | Reached skill level 4 in Fighting
  1312 | D:2      | Reached XP level 4. HP: 38/40 MP: 3/3
  1590 | D:2      | Reached skill level 5 in Throwing
  1601 | D:2      | Noticed Jessica
  1606 | D:2      | Killed Jessica
  1895 | D:3      | Reached XP level 5. HP: 37/47 MP: 4/4
  2008 | D:3      | Reached skill level 5 in Fighting
  2324 | D:3      | Found a sparkling altar of Nemelex Xobeh.
  2605 | D:3      | Noticed an ogre
  2610 | D:3      | Killed an ogre
  2610 | D:3      | Reached XP level 6. HP: 21/57 MP: 5/5
  2836 | D:3      | Reached skill level 6 in Fighting
  3530 | D:4      | Reached XP level 7. HP: 64/64 MP: 6/6
  3802 | D:4      | Noticed an angel
  3803 | D:4      | Found a glowing silver altar of Zin.
  3804 | D:4      | Found a shimmering altar of Xom.
  3950 | D:4      | Reached skill level 7 in Fighting
  4270 | D:5      | Entered Level 5 of the Dungeon
  4848 | D:5      | Reached skill level 1 in Axes
  4863 | D:5      | Found a glowing drain.
  4872 | Sewer    | Entered a sewer
  5635 | D:5      | Reached skill level 8 in Fighting
  6119 | D:6      | Reached XP level 8. HP: 68/74 MP: 7/7
  6291 | D:6      | Found a staircase to the Ecumenical Temple.
  6311 | Temple   | Entered the Ecumenical Temple
  6384 | Temple   | Became a worshipper of Fedhas Madash
  6445 | D:6      | Found a shattered altar of Ashenzari.
  6474 | D:6      | Found a radiant altar of Vehumet.
  6475 | D:6      | Found an iron altar of Okawaru.
  6631 | D:6      | Found a bloodstained altar of Trog.
  6636 | D:6      | Reached skill level 1 in Invocations
  6809 | D:6      | Noticed a cyclops
  6823 | D:6      | Killed a cyclops
  6823 | D:6      | Reached skill level 5 in Axes
  6823 | D:6      | Reached XP level 9. HP: 15/82 MP: 9/9
  7126 | D:6      | Reached skill level 9 in Fighting
  7137 | D:6      | Noticed a gargoyle
  7141 | D:6      | Noticed a tengu conjurer
  7149 | D:6      | Killed from afar by a gargoyle

Illustrated notes

Levels and vault maps discovered:
D:1:      minmay_arrival_radiant_lines, layout_loops_cross, due_unseen_surprise
D:2:      layout_basic, hangedman_abyss_or_decor_lesser_grid, uniq_jessica,
          uniq_robin
D:3:      layout_basic, lemuel_crystal_altar
D:4:      layout_basic, grunt_temple_overflow_order_and_chaos_1
D:5:      layout_loops_cross, portal_sewer_entry_b, nicolae_zen_rock_garden,
          eino_curves_02
D:6:      minmay_klotski, layout_basic, ashenzari_altar_1,
          gammafunk_temple_overflow_statue, minmay_temple_entry_arrows,
          trog_eyes_of_draining
D:7:      layout_basic, lemuel_doored_altar, dancing_weapons_uskayaw,
          serial_shops, nicolae_shop_behind_doors
Temple:   nicolae_temple_figure_eight

Skill      XL: |  1  2  3  4  5  6  7  8  9 |
---------------+----------------------------+-----
Fighting       | 3 4 5 6 8 9 |  9.0
Throwing       | 5 6 7 8 |  8.3
Axes           | 2 5 6 |  6.1
Invocations    | 2 |  2.7
Dodging        | |  2.1
Stealth        | |  0.7

Action                   |  1- 3 |  4- 6 |  7- 9 || total
-------------------------+-------+-------+-------++-------
Melee: Short sword       |    64 |       |       ||    64
       Headbutt          |    12 |    20 |    43 ||    75
       Dagger            |    25 |    72 |       ||    97
       Flail             |       |    45 |    59 ||   104
       Broad axe         |       |       |   172 ||   172
Throw: Javelin           |       |       |     5 ||     5
  Use: Scroll            |     2 |       |    12 ||    14
 Stab: Sleeping          |       |     1 |       ||     1
Armor: Leather armour    |    39 |    15 |   100 ||   154
       Scale mail        |       |    10 |       ||    10
       Chain mail        |       |    10 |       ||    10
Dodge: Dodged            |    60 |    70 |   203 ||   333

Table legend: (Time is in decaauts)
 A = Elapsed time spent in this place.
 B = Non-inter-level travel time spent in this place.
 C = Inter-level travel time spent in this place.
 D = Time resting spent in this place.
 E = Time spent auto-exploring this place.
 F = Levels seen in this place.
 G = Mean time per level.
                   A        B        C        D        E       F      G
               +--------+--------+--------+--------+--------+-----+--------+
         Total |   7421 |   7200 |    221 |    418 |   5487 |   9 |  824.6 |
       Dungeon |   6510 |   6305 |    205 |    418 |   4745 |   7 |  930.0 |
        Temple |     86 |     70 |     16 |      0 |     65 |   1 |   86.0 |
         Sewer |    824 |    824 |      0 |      0 |    676 |   1 |  824.0 |
               +--------+--------+--------+--------+--------+-----+--------+

Top non-repeatable levels by time:
     D:4: 1303 daAuts
     D:5: 1116 daAuts
     D:3: 1110 daAuts
     D:6: 1037 daAuts
     D:1: 1002 daAuts
     D:2: 897 daAuts
   Sewer: 824 daAuts
  Temple: 86 daAuts
     D:7: 43 daAuts
